 Dungeon Crawl Stone Soup version 0.28-a0-1387-g3a22ab9bdc (webtiles) character file.

Game seed: 13054195124836681104

200 gimp the Skirmisher (level 5, -1/35 HPs)
             Began as a Tengu Wanderer on Jan 2, 2022.
             Slain by Sigmund (10 damage)
             ... on level 2 of the Dungeon.
             The game lasted 00:06:23 (4003 turns).

gimp the Skirmisher (Tengu Wanderer)                Turns: 4003, Time: 00:06:23

Health: -1/35      AC:  2    Str: 10    XL:     5   Next: 79%
Magic:  9/9        EV: 13    Int: 14    God:
Gold:   191        SH:  0    Dex: 16    Spells: 8/8 levels left

rFire   . . .      SeeInvis .   a - +3 spear
rCold   . . .      Faith    .   (no shield)
rNeg    . . .      Spirit   .   c - +0 robe
rPois   .          Reflect  .   (helmet restricted)
rElec   .          Harm     .   (no cloak)
rCorr   .          Rampage  .   (no gloves)
Will    .....                   (boots unavailable)
Stlth   ++........              (no amulet)
HPRegen 0.11/turn               (no ring)
MPRegen 0.11/turn               (no ring)

@: mighty, flying quickly and evasively, quick
A: beak, talons 3, nimble flight, MP-powered wands
a: no special abilities


You were on level 2 of the Dungeon.
You visited 1 branch of the dungeon, and saw 3 of its levels.

You collected 191 gold pieces.

Inventory:

Hand Weapons
 a - a +3 spear (weapon)
Missiles
 m - 9 poisoned darts (quivered)
Armour
 c - a +0 robe (worn)
Wands
 k - a wand of iceblast (11)
Scrolls
 d - a scroll of magic mapping {unknown}
 f - 2 scrolls of teleportation {unknown}
 g - 2 scrolls of immolation {unknown}
 h - a scroll of vulnerability {unknown}
 i - 3 scrolls of identify {unknown}
 l - a scroll of fear {unknown}
Potions
 b - a potion of lignification
 e - 2 potions of mutation


   Skills:
 - Level 5.0 Fighting
 * Level 4.6 Polearms
 - Level 3.0 Stealth
 + Level 2.1 Spellcasting
 - Level 1.0 Invocations


You had 8 spell levels left.
You didn't know any spells.
Your spell library contained the following spells:

 Spells                   Type           Power      Damage    Failure   Level
 Animate Skeleton         Necr           2%         N/A       24%         1
 Pain                     Necr           4%         1d4       24%         1
 Passwall                 Tmut/Erth      0%         N/A       34%         2
 Frozen Ramparts          Ice            2%         1d2       56%         3
 Swiftness                Air            1%         N/A       56%         3
 Vampiric Draining        Necr           1%         2d6       56%         3
 Ice Form                 Ice/Tmut       1%         N/A       93%         4
 Summon Ice Beast         Ice/Summ       1%         N/A       93%         4


Dungeon Overview and Level Annotations

Branches:
Dungeon (3/15)

Altars:

Annotations:
D:2 Sigmund
D:3 Grinder


Innate Abilities, Weirdness & Mutations

You have a beak for a mouth.
You have claws for feet.
Your magical nature lets you fly swiftly and evasively.
You expend magic power (3 MP) to strengthen your wands.


Message History

Throw: 12 darts (poison)
Press: ? - help, Q - select action, (/) - cycle Shift-Dir - straight line, f/p - Sigmund
Aim: Sigmund, wielding a +0 scythe, wearing a +0 robe and carrying a wand of flame (13) (poisoned, 58% to hit)
You throw a poisoned dart. The poisoned dart hits Sigmund.
Sigmund looks even sicker.
Throw: 11 darts (poison)
Press: ? - help, Q - select action, (/) - cycle Shift-Dir - straight line, f/p - Sigmund
Aim: Sigmund, wielding a +0 scythe, wearing a +0 robe and carrying a wand of flame (13) (very poisoned, 58% to hit)
You throw a poisoned dart.
The poisoned dart barely misses Sigmund.
Sigmund mumbles some strange words.
Sigmund flickers and vanishes!
Deactivating autopickup; reactivate with Ctrl-A.
Throw: 10 darts (poison)
Press: ? - help, Q - select action, (/) - cycle Shift-Dir - straight line, f - you Really target yourself?
Okay, then.
Unknown command.
A magic dart appears from out of thin air!
The magic dart hits you.
You take 6 damage, and have 23/35 hp.
You hear a zap.
A puff of flame appears from out of thin air!
The puff of flame hits you.
You take 5 damage, and have 18/35 hp.
You start resting.
A magic dart appears from out of thin air!
The magic dart hits you.
You take 4 damage, and have 15/35 hp.
Throw: 10 darts (poison)
Press: ? - help, Q - select action, (/) - cycle Shift-Dir - straight line You throw a poisoned dart.
A magic dart appears from out of thin air!
The magic dart hits you.
* * * LOW HITPOINT WARNING * * *
You take 6 damage, and have 9/35 hp.
It was a potion of might.
You feel very mighty all of a sudden. Something hits you!
You die...

..##.##.{#.#.#.#.#
####....(#...#.#.#
##.##.#####.#.#
#.##.......#.#
#....#####.#.# ##
##...#...#.#.# .#
#.#.#.#.#.#{# .#
#...#.#.#.#.# .#
##..#.#...#@## .###
#..#.#####..# ...##
#..#........#
.#..###..#.#####..#
###......#.#...#..#
#####..#.#.#.#..#
#..#.#.#.#..# #
##.#...#.#..# #
#)#####.#..#


There were no monsters in sight!

Vanquished Creatures
  Terence (D:2)
  Ijyb (D:3)
  Natasha (twice) (D:2)
  Robin (D:2)
  2 adders (D:3)
  A worm (D:3)
  A dart slug (D:1)
  6 bats
  3 endoplasms
  4 giant cockroaches
  11 goblins
  7 hobgoblins
  4 jackals (D:1)
  7 kobolds
  2 quokkas
  4 ball pythons
  3 frilled lizards
  4 rats
64 creatures vanquished.

Vanquished Creatures (others)
  A fungus (D:3)
1 creature vanquished.

Grand Total: 65 creatures vanquished

Notes
Turn   | Place    | Note
-------+----------+-------------------------------------------
     0 | D:1      | gimp the Tengu Wanderer began the quest for the Orb.
     0 | D:1      | gimp set off with the following items: a +3 spear, a potion
                  | of lignification, a +0 robe
     0 | D:1      | Reached XP level 1. HP: 15/15 MP: 2/2
   322 | D:1      | Reached XP level 2. HP: 20/20 MP: 3/3
   660 | D:1      | Reached XP level 3. HP: 24/24 MP: 5/5
  1088 | D:2      | Noticed Natasha
  1088 | D:2      | Noticed Robin
  1360 | D:2      | Noticed Terence
  1376 | D:2      | Gained mutation: You expend magic power (3 MP) to
                  | strengthen your wands. [potion of mutation]
  1398 | D:2      | Killed Terence
  1399 | D:2      | Reached skill level 1 in Spellcasting
  1399 | D:2      | Reached XP level 4. HP: 12/30 MP: 6/6
  1701 | D:2      | Killed Robin
  1967 | D:2      | Killed Natasha
  2018 | D:2      | Noticed Natasha
  2056 | D:2      | Killed Natasha
  2057 | D:2      | Reached skill level 5 in Fighting
  2057 | D:2      | Gained mutation: Your magical nature lets you fly swiftly
                  | and evasively. [Tengu growth]
  2057 | D:2      | Reached XP level 5. HP: 28/35 MP: 8/8
  2229 | D:2      | Noticed Sigmund
  2547 | D:3      | Found a faded altar of an unknown god.
  2638 | D:3      | Noticed Ijyb
  2670 | D:3      | Killed Ijyb
  3188 | D:3      | Noticed Grinder
  4003 | D:2      | Slain by Sigmund

Illustrated notes

Levels and vault maps discovered:
D:1:      dpeg_arrival_arbitrary_c, layout_basic
D:2:      layout_rooms, roderic_lattice_a, uniq_terence, uniq_natasha,
          uniq_sigmund, uniq_robin
D:3:      layout_loops_corners, shapermc_ecumenical_altar_acropolis, uniq_ijyb,
          uniq_grinder

Skill      XL: |  1  2  3  4  5 |
---------------+----------------+-----
Polearms       | 3 4 |  4.6
Spellcasting   | 1 2 |  2.1
Fighting       | 5 |  5.0
Stealth        | |  3.0
Invocations    | |  1.0

Action                   |  1- 3 |  4- 6 || total
-------------------------+-------+-------++-------
Melee: Spear             |    78 |    96 ||   174
       Kick              |     8 |    14 ||    22
       Peck              |     3 |    10 ||    13
Throw: Dart              |       |     5 ||     5
  Use: Potion            |     3 |     1 ||     4
 Stab: Sleeping          |     9 |    10 ||    19
Armor: Robe              |     7 |     5 ||    12
Dodge: Dodged            |    32 |    26 ||    58

Table legend: (Time is in decaauts)
 A = Elapsed time spent in this place.
 B = Non-inter-level travel time spent in this place.
 C = Inter-level travel time spent in this place.
 D = Time resting spent in this place.
 E = Time spent auto-exploring this place.
 F = Levels seen in this place.
 G = Mean time per level.
                   A        B        C        D        E       F      G
               +--------+--------+--------+--------+--------+-----+--------+
         Total |   3840 |   3673 |    167 |    320 |   2749 |   3 | 1280.0 |
       Dungeon |   3840 |   3673 |    167 |    320 |   2749 |   3 | 1280.0 |
               +--------+--------+--------+--------+--------+-----+--------+

Top non-repeatable levels by time:
     D:1: 1658 daAuts
     D:3: 1136 daAuts
     D:2: 1045 daAuts
